[ AOE2 MATCH · #505869201 ]
UnrankedJapanese vs Mongols
Player's team · LOSS
Rival team · WIN
[ REPLAY ANALYSIS · EXTRACTED FROM THE RECORDED GAME ]
Feudal
9:00
Castle
27:05
Imperial
45:17
| APM avg | 61.3 |
| APM peak | 117 |
| eAPM avg | 30.0 |
| Villagers / military | 229 / 655 |
Focus
⚔️ 48.7% · 🌾 51.3%
Spearman ×178 · Skirmisher ×168 · Cavalry Archer ×112 · Scout Cavalry ×108 · Battering Ram ×29 · Knight ×18
Feudal
8:51
Castle
22:40
Imperial
43:46
| APM avg | 58.1 |
| APM peak | 100 |
| eAPM avg | 30.6 |
| Villagers / military | 340 / 762 |
Focus
⚔️ 43.9% · 🌾 56.1%
Scout Cavalry ×529 · Mangudai ×170 · Archer ×36 · Monk ×12 · Skirmisher ×5 · Trebuchet (Packed) ×4
Match map
Initial resources + every placement click. Lines = walls · curves = elevation contours. ◆ gold · ⬟ stone · ● berries · ✦ relic · ◌ wall gap
Your base· Open — opponent sealed themselves in
Riut's base· ✓ Closed at 22:40 · 28t walls · 1 gate(s)
Smoothed initial terrain · ◌ = detected wall gap · hover for details
Inputs per minute
— 新竹 - - Riut
Build order — 新竹
First 150 of 1189 actions detected
| 0:00 | Queue | Villager (Male) |
| 0:00 | Queue | Villager (Male) |
| 0:01 | Queue | Villager (Male) |
| 0:02 | Build | House |
| 0:04 | Build | House |
| 0:13 | Queue | Villager (Male) |
| 0:13 | Queue | Villager (Male) |
| 1:33 | Queue | Villager (Male) |
| 1:33 | Queue | Villager (Male) |
| 1:33 | Queue | Villager (Male) |
| 2:05 | Queue | Villager (Male) |
| 2:06 | Queue | Villager (Male) |
| 2:10 | Build | Lumber Camp |
| 2:19 | Queue | Villager (Male) |
| 2:19 | Queue | Villager (Male) |
| 2:20 | Queue | Villager (Male) |
| 2:48 | Queue | Villager (Male) |
| 2:49 | Queue | Villager (Male) |
| 2:59 | Build | House |
| 3:17 | Queue | Villager (Male) |
| 3:17 | Queue | Villager (Male) |
| 3:17 | Queue | Villager (Male) |
| 3:50 | Queue | Villager (Male) |
| 3:50 | Queue | Villager (Male) |
| 4:05 | Queue | Villager (Male) |
| 4:06 | Queue | Villager (Male) |
| 4:06 | Queue | Villager (Male) |
| 4:51 | Build | House |
| 5:08 | Build | Mining Camp |
| 5:15 | Queue | Villager (Male) |
| 5:31 | Queue | Villager (Male) |
| 5:31 | Research | Loom |
| 5:32 | Research | Loom |
| 6:50 | Research | Feudal Age |
| 6:50 | Research | Feudal Age |
| 7:07 | Build | Mill |
| 7:36 | Build | Barracks |
| 7:47 | Build | House |
| 8:11 | Queue | Militia ×2 |
| 8:11 | Queue | Militia ×2 |
| 8:36 | Queue | Militia |
| 8:53 | Build | House |
| 9:00 | Age | Feudal Age |
| 9:02 | Research | Man-at-Arms (upgrade) |
| 9:02 | Research | Man-at-Arms (upgrade) |
| 9:24 | Build | Watch Tower |
| 9:26 | Queue | Villager (Male) |
| 9:26 | Queue | Villager (Male) |
| 9:43 | Build | Palisade Wall |
| 9:47 | Queue | Villager (Male) |
| 9:47 | Queue | Villager (Male) |
| 9:47 | Queue | Villager (Male) |
| 10:05 | Queue | Villager (Male) |
| 10:05 | Queue | Villager (Male) |
| 10:05 | Queue | Villager (Male) |
| 10:19 | Queue | Villager (Male) |
| 10:19 | Queue | Villager (Male) |
| 10:19 | Queue | Villager (Male) |
| 10:20 | Queue | Villager (Male) |
| 10:38 | Build | Archery Range |
| 10:41 | Build | Palisade Wall |
| 10:43 | Build | Palisade Wall |
| 10:48 | Queue | Villager (Male) |
| 10:48 | Queue | Villager (Male) |
| 10:48 | Queue | Villager (Male) |
| 10:50 | Build | Farm |
| 11:07 | Build | Mill |
| 11:11 | Queue | Villager (Male) |
| 11:12 | Queue | Villager (Male) |
| 11:12 | Queue | Villager (Male) |
| 11:24 | Queue | Skirmisher |
| 11:24 | Queue | Skirmisher |
| 11:25 | Queue | Skirmisher |
| 11:38 | Queue | Skirmisher |
| 11:38 | Queue | Skirmisher |
| 12:03 | Queue | Archer |
| 12:03 | Queue | Archer |
| 12:10 | Queue | Villager (Male) |
| 12:10 | Queue | Villager (Male) |
| 12:11 | Queue | Villager (Male) |
| 12:13 | Build | Farm |
| 12:22 | Queue | Villager (Male) |
| 12:22 | Queue | Villager (Male) |
| 12:22 | Queue | Villager (Male) |
| 12:22 | Queue | Villager (Male) |
| 12:50 | Queue | Spearman |
| 12:50 | Queue | Spearman |
| 13:05 | Queue | Spearman |
| 13:08 | Queue | Villager (Male) |
| 13:08 | Queue | Villager (Male) |
| 13:08 | Queue | Villager (Male) |
| 13:08 | Queue | Villager (Male) |
| 13:10 | Build | Mining Camp |
| 13:35 | Queue | Villager (Male) |
| 13:35 | Queue | Villager (Male) |
| 13:35 | Queue | Villager (Male) |
| 13:56 | Queue | Spearman |
| 13:59 | Queue | Villager (Male) |
| 13:59 | Queue | Villager (Male) |
| 13:59 | Queue | Villager (Male) |
| 14:03 | Build | House |
| 14:33 | Queue | Villager (Male) |
| 14:33 | Queue | Villager (Male) |
| 14:33 | Queue | Villager (Male) |
| 14:33 | Queue | Villager (Male) |
| 14:51 | Build | Farm |
| 15:12 | Queue | Skirmisher |
| 15:12 | Queue | Skirmisher |
| 15:25 | Build | Watch Tower |
| 15:33 | Queue | Villager (Male) |
| 15:33 | Queue | Villager (Male) |
| 15:34 | Queue | Villager (Male) |
| 15:34 | Queue | Villager (Male) |
| 15:37 | Build | House |
| 15:44 | Build | Blacksmith |
| 15:55 | Build | House |
| 16:15 | Research | Fletching |
| 16:15 | Research | Fletching |
| 16:41 | Queue | Villager (Male) |
| 16:41 | Queue | Villager (Male) |
| 16:41 | Queue | Villager (Male) |
| 16:41 | Queue | Villager (Male) |
| 16:42 | Queue | Villager (Male) |
| 16:46 | Build | Watch Tower |
| 16:50 | Build | Farm |
| 16:52 | Build | Farm |
| 17:01 | Queue | Skirmisher |
| 17:15 | Build | Farm |
| 17:15 | Build | Farm |
| 17:43 | Queue | Villager (Male) |
| 17:43 | Queue | Villager (Male) |
| 17:43 | Queue | Villager (Male) |
| 17:45 | Build | Farm |
| 18:05 | Build | Farm |
| 18:09 | Build | Farm |
| 18:10 | Queue | Villager (Male) |
| 18:10 | Queue | Villager (Male) |
| 18:10 | Queue | Villager (Male) |
| 18:18 | Build | Lumber Camp |
| 18:31 | Research | Double-Bit Axe |
| 18:45 | Queue | Villager (Male) |
| 18:45 | Queue | Villager (Male) |
| 18:56 | Build | Watch Tower |
| 19:04 | Build | Farm |
| 19:05 | Build | Farm |
| 19:35 | Build | Watch Tower |
| 19:39 | Build | Farm |
| 20:00 | Queue | Villager (Male) |
| 20:09 | Queue | Villager (Male) |
| 20:10 | Build | Farm |
Build order — Riut
First 150 of 1443 actions detected
| 0:00 | Queue | Villager (Male) |
| 0:00 | Queue | Villager (Male) |
| 0:01 | Queue | Villager (Male) |
| 0:01 | Queue | Villager (Male) |
| 0:01 | Queue | Villager (Male) |
| 0:02 | Build | House |
| 0:04 | Build | House |
| 1:39 | Queue | Villager (Male) |
| 1:39 | Queue | Villager (Male) |
| 1:45 | Build | Lumber Camp |
| 2:03 | Queue | Villager (Male) |
| 2:04 | Queue | Villager (Male) |
| 2:27 | Queue | Villager (Male) |
| 2:46 | Build | House |
| 2:48 | Queue | Villager (Male) |
| 2:48 | Queue | Villager (Male) |
| 3:14 | Queue | Villager (Male) |
| 3:33 | Queue | Villager (Male) |
| 3:34 | Queue | Villager (Male) |
| 3:34 | Queue | Villager (Male) |
| 4:01 | Queue | Villager (Male) |
| 4:06 | Queue | Villager (Male) |
| 4:06 | Queue | Villager (Male) |
| 4:15 | Build | Mill |
| 4:41 | Queue | Villager (Male) |
| 4:41 | Queue | Villager (Male) |
| 4:48 | Research | Loom |
| 5:54 | Build | House |
| 5:59 | Build | Palisade Gate |
| 6:04 | Build | House |
| 6:35 | Build | Mining Camp |
| 6:35 | Research | Feudal Age |
| 7:55 | Build | Barracks |
| 8:18 | Queue | Villager (Male) |
| 8:51 | Age | Feudal Age |
| 8:53 | Build | Stable |
| 8:57 | Research | Double-Bit Axe |
| 9:00 | Queue | Villager (Male) |
| 9:18 | Queue | Spearman |
| 9:21 | Queue | Villager (Male) |
| 9:24 | Build | Mill |
| 9:32 | Queue | Villager (Male) |
| 9:35 | Queue | Scout Cavalry |
| 9:39 | Build | House |
| 9:43 | Build | Palisade Wall |
| 9:45 | Build | Palisade Wall |
| 9:58 | Queue | Villager (Male) |
| 10:18 | Build | Palisade Wall |
| 10:24 | Queue | Villager (Male) |
| 10:32 | Build | House |
| 10:33 | Build | House |
| 10:36 | Queue | Scout Cavalry |
| 10:37 | Queue | Villager (Male) |
| 10:44 | Build | Lumber Camp |
| 10:59 | Queue | Villager (Male) |
| 11:25 | Queue | Villager (Male) |
| 11:57 | Queue | Villager (Male) |
| 12:07 | Build | Archery Range |
| 12:19 | Build | Watch Tower |
| 12:24 | Queue | Villager (Male) |
| 12:48 | Queue | Villager (Male) |
| 12:53 | Build | House |
| 13:02 | Queue | Archer |
| 13:15 | Build | House |
| 13:16 | Build | House |
| 13:17 | Build | House |
| 13:20 | Queue | Villager (Male) |
| 13:24 | Build | Farm |
| 13:31 | Build | Farm |
| 13:32 | Build | Farm |
| 13:46 | Queue | Archer |
| 14:02 | Queue | Villager (Male) |
| 14:15 | Build | Farm |
| 14:24 | Queue | Archer |
| 14:33 | Queue | Villager (Male) |
| 14:36 | Build | Farm |
| 14:50 | Build | Blacksmith |
| 14:58 | Queue | Archer |
| 14:58 | Queue | Villager (Male) |
| 15:11 | Build | Farm |
| 15:12 | Build | Farm |
| 15:17 | Research | Fletching |
| 15:30 | Build | Farm |
| 15:31 | Queue | Villager (Male) |
| 16:03 | Queue | Skirmisher |
| 16:18 | Queue | Villager (Male) |
| 16:18 | Queue | Skirmisher |
| 16:35 | Queue | Villager (Male) |
| 16:39 | Build | Farm |
| 16:41 | Build | Farm |
| 16:45 | Build | Farm |
| 16:48 | Queue | Skirmisher |
| 16:54 | Build | House |
| 16:55 | Build | House |
| 17:02 | Build | Farm |
| 17:02 | Queue | Villager (Male) |
| 17:11 | Build | Palisade Wall |
| 17:17 | Queue | Skirmisher |
| 17:18 | Queue | Villager (Male) |
| 17:23 | Build | House |
| 17:24 | Build | Palisade Wall |
| 17:30 | Build | House |
| 17:32 | Build | House |
| 17:41 | Queue | Villager (Male) |
| 17:57 | Build | Farm |
| 18:19 | Queue | Villager (Male) |
| 18:38 | Build | Market |
| 18:50 | Queue | Archer |
| 19:29 | Queue | Archer |
| 20:00 | Research | Castle Age |
| 20:05 | Queue | Skirmisher |
| 20:16 | Build | Archery Range |
| 20:52 | Build | Watch Tower |
| 21:08 | Research | Padded Archer Armor |
| 21:09 | Research | Horse Collar |
| 21:38 | Queue | Archer |
| 21:40 | Queue | Archer |
| 21:43 | Build | House |
| 21:46 | Build | Palisade Gate |
| 21:52 | Build | House |
| 22:22 | Build | House |
| 22:23 | Build | House |
| 22:29 | Queue | Villager (Male) |
| 22:40 | Age | Castle Age |
| 22:41 | Build | Palisade Wall |
| 22:51 | Research | Bodkin Arrow |
| 22:53 | Build | Siege Workshop |
| 23:08 | Queue | Archer |
| 23:08 | Queue | Archer |
| 23:09 | Queue | Villager (Male) |
| 23:13 | Build | Palisade Wall |
| 23:17 | Queue | Mangonel |
| 23:41 | Queue | Villager (Male) |
| 24:06 | Queue | Archer |
| 24:06 | Queue | Archer |
| 24:14 | Build | Farm |
| 24:29 | Queue | Archer |
| 24:30 | Queue | Villager (Male) |
| 24:35 | Research | Crossbowman (upgrade) |
| 24:48 | Build | Lumber Camp |
| 24:51 | Queue | Mangonel |
| 25:15 | Queue | Villager (Male) |
| 25:15 | Queue | Villager (Male) |
| 25:47 | Queue | Archer |
| 25:47 | Queue | Archer |
| 25:48 | Queue | Villager (Male) |
| 25:48 | Queue | Villager (Male) |
| 25:48 | Queue | Villager (Male) |
| 26:09 | Queue | Villager (Male) |
| 26:26 | Queue | Villager (Male) |
Match timeline
| 7:36 | 新竹 · first_building Barracks |
| 7:55 | Riut · first_building Barracks |
| 8:51 | Riut · age_up feudal |
| 8:53 | Riut · first_building Stable |
| 9:00 | 新竹 · age_up feudal |
| 9:43 | Riut · wall_segment Palisade Wall x1 |
| 9:43 | 新竹 · wall_segment Palisade Wall x1 |
| 9:45 | Riut · wall_segment Palisade Wall x8 |
| 10:18 | Riut · wall_segment Palisade Wall x1 |
| 10:38 | 新竹 · first_building Archery Range |
| 10:41 | 新竹 · wall_segment Palisade Wall x2 |
| 10:43 | 新竹 · wall_segment Palisade Wall x2 |
| 12:07 | Riut · first_building Archery Range |
| 17:11 | Riut · wall_segment Palisade Wall x17 |
| 17:24 | Riut · wall_segment Palisade Wall x1 |
| 19:58 | Riut · first_market_buy 100 food |
| 22:40 | Riut · age_up castle |
| 22:41 | Riut · wall_segment Palisade Wall x1 |
| 22:53 | Riut · first_building Siege Workshop |
| 23:13 | Riut · wall_segment Palisade Wall x1 |
| 24:23 | 新竹 · first_market_buy 100 food |
| 24:24 | 新竹 · first_market_sell 100 wood |
| 25:02 | 新竹 · first_building Stable |
| 27:05 | 新竹 · age_up castle |
| 28:24 | Riut · first_building Monastery |
| 29:02 | Riut · wall_segment Palisade Wall x1 |
| 29:05 | Riut · wall_segment Palisade Wall x1 |
| 30:05 | 新竹 · first_building Siege Workshop |
| 31:31 | 新竹 · first_building Monastery |
| 32:20 | Riut · first_building Castle |
| 40:29 | Riut · first_market_sell 100 wood |
| 41:21 | 新竹 · first_building Castle |
| 43:46 | Riut · age_up imperial |
| 45:17 | 新竹 · age_up imperial |
| 84:34 | 新竹 · resign |
[ AI ANALYSIS · 1 CREDIT ]
What really happened in this match?
Wolo.gg analyzes every decision: build order, eco, micro, common mistakes by bracket. Personalized analysis on WhatsApp or Discord in 30 seconds.
Civ guide
Japanese
Perfil
Jugador #14547856